Map: Redshift LE

Players

Syth - Winner!

  • Race: Protoss Protoss
  • League: Platinum
  • Spawn Location: 7:00

StarCrack

  • Race: Zerg Zerg
  • Spawn Location: 11:00

VOD

Have the link to the VOD?

Description

Time

  • Played on: July 28, 2018, 2:14 p.m.
  • Length: 15:31
Show
View Real Time Build Order
Export as new Build Order

Syth Protoss - Winner!

Build Orders: 1 Gate Expand 

Get SALT Encoding   

  12  0:01  Probe  
  13  0:15  Pylon  
  13  0:18  Probe  
  13  0:26  Probe  
  15  0:35  Probe  
  15  0:41  Gateway  
  16  0:48  Probe  
  17  0:54  Assimilator  
  17  1:00  Probe  
  18  1:12  Probe  
  19  1:26  Nexus  
  19  1:28  Probe  
  20  1:33  Assimilator  
  20  1:40  Probe  
  21  1:50  Cybernetics Core  
  21  1:57  Gateway  
  21  2:07  Zealot  
  21  2:12  Forge  
  23  2:26  Pylon  
  23  2:38  Probe, Pylon  
  23  2:42  Adept  
  23  2:43  Adept  
  24  2:50  Probe  
  29  2:56  Pylon  
  29  3:04  Adept  
  29  3:12  Adept  
  32  3:37  Probe  
  33  3:44  Protoss Shields Level 1  
  33  3:45  Probe  
  33  3:48  Probe  
  34  3:54  Photon Cannon  
  34  3:55  Probe  
  35  4:00  Probe  
  35  4:02  Warp Gate  
  37  4:07  Probe, Pylon  
  38  4:19  Probe  
  38  4:22  Twilight Council  
  39  4:29  Photon Cannon  
  39  4:35  Gateway  
  39  4:42  Probe  
  39  4:43  Probe  
  41  4:54  Probe  
  41  4:55  Probe  
  39  5:07  Probe x2  
  32  5:08  Adept  
  32  5:09  Adept  
  32  5:20  Photon Cannon  
  32  5:38  Protoss Ground Weapons Level 1  
  30  5:51  Pylon  
  30  5:53  Pylon  
  30  5:59  Photon Cannon  
  30  6:03  Photon Cannon, Pylon  
  30  6:06  Probe x2  
  30  6:08  Assimilator  
  32  6:11  Charge  
  32  6:12  Assimilator  
  32  6:18  Probe x2  
  32  6:20  Adept x2  
  38  6:30  Probe x2  
  40  6:42  Probe  
  40  6:43  Probe  
  42  6:47  Cybernetics Core  
  42  6:49  Pylon  
  42  6:51  Probe  
  42  6:52  Zealot x2  
  46  6:54  Sentry  
  46  7:01  Probe  
  46  7:13  Probe  
  47  7:17  Gateway  
  47  7:22  Zealot x2  
  49  7:23  Zealot  
  49  7:25  Probe  
  54  7:37  Probe  
  55  7:44  Sentry  
  55  7:45  Sentry  
  55  7:46  Sentry  
  55  7:49  Probe  
  62  7:56  Protoss Ground Armor Level 1  
  62  7:57  Templar Archives, Dark Shrine  
  62  8:01  Probe  
  62  8:02  Pylon  
  62  8:03  Pylon  
  63  8:11  Adept x2  
  63  8:12  Adept  
  69  8:33  Robotics Facility x2  
  69  8:34  Psionic Storm  
  69  8:36  Pylon  
  69  8:39  High Templar, Pylon  
  69  8:40  High Templar x2  
  75  8:46  Zealot  
  75  9:34  Zealot x4  
  83  9:40  Protoss Ground Weapons Level 2  
  83  9:46  Gateway  
  83  9:47  Gateway  
  83  9:54  Nexus  
  83  9:55  Pylon  
  83  9:57  Pylon  
  83  9:59  Observer  
  84  10:02  Immortal  
  86  10:20  Immortal  
  74  10:43  Dark Templar x4  
  74  10:46  Archon  
  74  10:47  Archon  
  82  11:13  Zealot x2  
  86  11:22  Zealot x4  
  94  11:31  Immortal x2  
  102  11:36  Protoss Shields Level 2  
  88  11:48  High Templar  
  88  11:49  High Templar x3  
  88  11:51  Zealot x2  
  96  12:22  Zealot x5  
  100  12:23  Zealot  
  100  12:43  Dark Templar x2  
  104  12:44  Dark Templar x3  
  104  12:47  Dark Templar  
  98  12:59  Archon  
  98  13:00  Archon x2  
  98  13:16  Zealot x5  
  104  13:28  Immortal x2  
  112  13:57  Zealot x6  
  124  14:09  Shield Battery  
  124  14:20  Dark Templar  
  124  14:21  Dark Templar x3  
  124  14:22  Zealot x2  
  136  14:24  Archon  
  136  14:25  Archon  
Show
View Real Time Build Order
Export as new Build Order

StarCrack Zerg 

Build Orders: Pool First, Zergling Baneling 

Get SALT Encoding   

  12  0:01  Drone  
  13  0:13  Overlord  
  13  0:17  Drone  
  14  0:32  Drone x2  
  16  0:36  Drone  
  17  0:45  Extractor  
  17  0:47  Spawning Pool  
  17  0:49  Drone  
  16  1:00  Drone  
  17  1:14  Drone  
  18  1:23  Drone  
  19  1:26  Hatchery  
  18  1:34  Zergling x2  
  18  1:37  Queen  
  21  1:50  Metabolic Boost  
  21  1:52  Zergling x2  
  22  1:55  Overlord  
  22  2:18  Zergling x2  
  22  2:19  Zergling x2  
  24  2:31  Zergling x2  
  25  2:59  Zergling x2  
  25  3:00  Zergling x14  
  33  3:11  Zergling x4  
  34  3:21  Drone  
  34  3:22  Drone  
  35  3:43  Hatchery  
  35  3:44  Baneling Nest, Drone  
  35  3:45  Drone x2  
  35  3:46  Lair  
  35  4:21  Overlord  
  35  4:22  Overlord  
  35  4:28  Baneling  
  35  4:29  Baneling x10  
  29  5:07  Zergling x24  
  38  5:16  Baneling  
  38  5:17  Baneling x4  
  38  5:21  Drone x2  
  39  5:25  Drone x3  
  39  5:26  Drone x3, Queen  
  44  5:46  Drone  
  44  5:47  Drone x4  
  48  5:52  Extractor  
  47  6:07  Baneling x5  
  47  6:14  Drone x3  
  50  6:23  Extractor  
  49  6:25  Extractor  
  42  6:46  Baneling  
  41  6:47  Baneling x5  
  41  6:48  Baneling  
  41  7:01  Zergling x2  
  42  7:02  Zergling x10  
  42  7:03  Zergling x4  
  46  7:13  Drone x4  
  50  7:19  Drone  
  51  7:28  Hydralisk Den  
  50  7:50  Drone  
  50  7:51  Drone x7  
  57  8:05  Overlord x2  
  57  8:06  Overlord x3  
  57  8:13  Hatchery  
  57  8:14  Evolution Chamber  
  57  8:15  Evolution Chamber  
  57  8:18  Grooved Spines, Hydralisk  
  56  8:23  Hatchery, Hydralisk x5  
  56  8:26  Hydralisk x4  
  69  8:30  Overseer  
  69  8:31  Pneumatized Carapace  
  69  8:34  Baneling x2  
  73  8:36  Hydralisk  
  75  8:46  Extractor, Drone x3  
  75  8:48  Extractor, Drone x3  
  79  8:49  Drone  
  76  9:06  Hydralisk  
  76  9:07  Hydralisk x5  
  87  9:26  Zerg Missile Weapons Level 1  
  87  9:27  Zerg Ground Armor Level 1  
  87  9:31  Roach Warren  
  87  9:35  Baneling x3  
  87  9:37  Zergling x14  
  87  9:38  Zergling x12  
  99  9:51  Muscular Augments  
  99  9:52  Queen  
  88  10:34  Hydralisk  
  88  10:35  Hydralisk x10  
  89  10:39  Overlord x6  
  109  11:01  Roach x13  
  135  11:10  Queen  
  137  11:22  Spore Crawler  
  109  11:46  Roach  
  107  11:47  Roach x14  
  107  11:53  Ravager x2  
  107  11:54  Ravager x3  
  140  12:02  Zerg Ground Armor Level 2, Zerg Missile Weapons Level 2  
  131  12:40  Zergling x24  
  131  12:41  Zergling x16  
  83  13:21  Hydralisk  
  83  13:26  Overseer  
  85  13:32  Infestation Pit  
  73  13:46  Hydralisk x10  
  73  13:47  Hydralisk x12  
  102  13:59  Lurker Den  
  102  14:02  Queen  
  97  14:43  Hydralisk x8  
  69  15:00  Roach  
  69  15:01  Roach x4  
Tags
 
Add a new tag
Caveats
  • Supply blocks, unpowered buildings, or Contaminate may cause inaccurate times.
  • Supply counts are checked every 10 seconds.